CAROLINA Hurricanes vs COLORADO Avalanche

Created - 11 mars 2019 at 17:13

Goals
1 2 3 T
CAROLINA Hurricanes 0 0 2 2
COLORADO Avalanche 3 0 4 7
Shots
1 2 3 T
CAROLINA Hurricanes 3 6 10 19
COLORADO Avalanche 28 13 19 60

1st period

1. COLORADO Avalanche , Jeff Skinner 17 (Jonas Brodin 35) at 9:50
2. COLORADO Avalanche , Craig Smith 13 (David Pastrnak 35, Jeff Skinner 20) at 10:16
3. COLORADO Avalanche , David Savard 8 (Dan Girardi 20) at 19:00

Penalties :
Dave Bolland (CAR) for Holding (Minor) at 6:21, Dave Bolland (CAR) for Hooking (Minor) at 11:16, Brock McGinn (CAR) for Slashing (Minor) at 14:54

2nd period

No Goal

Penalties :
Toby Enstrom (CAR) for Interference (Minor) at 10:41, Ivan Provorov (CAR) for Hooking (Minor) at 14:41

3rd period

4. CAROLINA Hurricanes , Alex Tuch 11 (Jason Garrison 5, Andreas Athanasiou 20) at 3:26
5. COLORADO Avalanche , David Pastrnak 34 (Craig Smith 29) at 7:05
6. CAROLINA Hurricanes , Ivan Provorov 15 (Niklas Kronwall 36, Dave Bolland 1) at 8:35 (PP)
7. COLORADO Avalanche , Patrick Maroon 11 (Jonas Brodin 36, David Perron 32) at 11:51
8. COLORADO Avalanche , David Pastrnak 35 (Craig Smith 30, Jeff Skinner 21) at 17:28
9. COLORADO Avalanche , Jeff Skinner 18 (David Pastrnak 36, David Savard 17) at 19:02

Penalties :
Dan Girardi (COL) for Holding (Minor) at 8:11

Goalie Stats

Calvin Pickard (CAR), 53 saves from 60 shots - (0,883), L, 13-15-8, 60:00 minutes
Brian Elliott (COL), 17 saves from 19 shots - (0,895), W, 24-30-3, 60:00 minutes

Players Stats for CAROLINA Hurricanes

Player Name              G  A  P  +/- PIM S  H  SB GA TA FO     MP     PP MP  PK MP  
------------------------------------------------------------------------------------
Alex Tuch                1  0  1  -1  0   6  2  1  0  0  4/10   25:29   0:00   3:00 
Andreas Athanasiou       0  1  1  -1  0   2  0  0  0  0  18/33  25:21   0:00   2:52 
Brandon Montour          0  0  0   0  0   0  0  0  0  0  0/0     1:48   0:00   1:48 
Brock McGinn             0  0  0  -1  2   3  3  0  0  0  0/1    25:58   0:00   3:30 
Chris Terry              0  0  0   0  0   0  0  0  0  0  0/0    11:26   0:24   1:42 
Christian Ehrhoff        0  0  0   1  0   0  1  3  0  0  0/0    10:28   0:00   0:00 
Dave Bolland             0  1  1  -3  4   0  0  0  0  0  15/31  19:58   0:24   2:21 
Evgeny Svechnikov        0  0  0  -5  0   0  2  1  0  0  6/18   24:25   0:24   6:09 
Ivan Provorov            1  0  1  -2  2   4  1  3  0  0  0/0    23:40   0:20   4:21 
Jason Garrison           0  1  1   1  0   0  2  2  0  0  0/0    14:40   0:00   0:00 
Joe Morrow               0  0  0  -5  0   0  2  1  0  0  0/0    16:15   0:00   0:14 
Kasperi Kapanen          0  0  0  -3  0   1  0  0  0  0  0/1     8:37   0:00   0:00 
Kris Russell             0  0  0   0  0   1  0  2  0  0  0/0     4:26   0:04   4:22 
Mark Stuart              0  0  0   0  0   0  0  0  0  0  0/0     4:12   0:00   0:00 
Nikita Soshnikov         0  0  0  -2  0   0  0  0  0  0  0/2    18:35   0:00   0:00 
Niklas Kronwall          0  1  1  -2  0   0  2  4  0  0  0/0    24:53   0:20   5:33 
Peter Holland            0  0  0  -2  0   0  0  0  0  0  7/19   10:13   0:00   0:16 
Toby Enstrom             0  0  0  -5  2   2  1  2  0  0  0/0    19:36   0:04   3:32 

Players Stats for COLORADO Avalanche

Player Name              G  A  P  +/- PIM S  H  SB GA TA FO     MP     PP MP  PK MP  
------------------------------------------------------------------------------------
Adam McQuaid             0  0  0   0  0   0  1  0  0  0  0/0    11:41   0:00   0:00 
Carl Hagelin             0  0  0   0  0   1  1  0  0  0  1/1    12:07   0:00   0:00 
Craig Smith              1  2  3   5  0   7  1  0  0  0  3/4    22:51   5:03   0:00 
Dan Girardi              0  1  1   3  2   5  0  0  0  0  0/0    22:54   5:16   0:00 
Darren Helm              0  0  0   1  0   4  1  0  0  0  20/33  22:02   4:52   0:00 
David Pastrnak           2  2  4   5  0   9  2  0  0  0  2/3    25:51   5:03   0:24 
David Perron             0  1  1   1  0   3  2  0  0  0  2/2    22:26   4:52   0:24 
David Savard             1  1  2   3  0   6  2  1  0  0  0/0    25:39   5:16   0:24 
Frank Vatrano            0  0  0   0  0   0  0  0  0  0  0/0     2:36   0:00   0:00 
Jeff Skinner             2  2  4   5  0   8  0  0  0  0  27/47  22:51   5:03   0:00 
Jonas Brodin             0  2  2   3  0   1  2  1  0  0  0/0    22:40   4:39   0:00 
Jonathan Ericsson        0  0  0   3  0   4  1  1  0  0  0/0    22:40   4:39   0:00 
Justin Falk              0  0  0   0  0   0  0  0  0  0  0/0     2:20   0:00   0:00 
Kevin Bieksa             0  0  0   0  0   1  2  1  0  0  0/0    12:05   0:00   0:24 
Kris Versteeg            0  0  0   0  0   0  0  0  0  0  0/0    12:07   0:00   0:00 
Patrick Maroon           1  0  1   1  0   8  2  0  0  0  2/2    22:02   4:52   0:00 
Ryan Spooner             0  0  0   0  0   3  0  0  0  0  4/17   12:07   0:00   0:00 
Zack Smith               0  0  0   0  0   0  0  0  0  0  4/6     2:36   0:00   0:00 

3 Stars

1 - David Pastrnak (COL)
2 - Jeff Skinner (COL)
3 - Craig Smith (COL)

Power Play

CAROLINA Hurricanes - 1 on 1 Attempt(s) - 100,00%
COLORADO Avalanche - 0 on 5 Attempt(s) - 0,00%

Penalty Kill

CAROLINA Hurricanes - 5 on 5 Attempt(s) - 100,00% - Score 0 goal in Penalty Kill
COLORADO Avalanche - 0 on 1 Attempt(s) - 0,00% - Score 0 goal in Penalty Kill

Team Stat

CAROLINA Hurricanes - Hits : 16 - Faceoff Wins : 50 - Blocked Shots : 19 - Penalty Minutes : 10
COLORADO Avalanche - Hits : 17 - Faceoff Wins : 65 - Blocked Shots : 4 - Penalty Minutes : 2

Official

Referees : Unknown
Linesman : Unknown

Game Notes

No Game Note

Finance

Level 1 -- Attendance: 4988 (83,13%) -- Ticket Income 498 800 $
Level 2 -- Attendance: 3947 (78,94%) -- Ticket Income 236 820 $
Level 3 -- Attendance: 2000 (100,00%) -- Ticket Income 70 000 $
Level 4 -- Attendance: 2806 (70,15%) -- Ticket Income 70 150 $
Luxury Box -- Attendance: 834 (83,40%) -- Ticket Income 166 800 $
Game was played at the Pepsi Center.
Total Attendance: 14575 (80,97%)
Total Ticket Income: 1 042 570 $
Other Income: 406 602 $
Total Income: 1 449 172 $

CAROLINA Hurricanes

5 vs 5 Forward 
   Center                   Left Wing                Right Wing               Time % Phy DF OF 
 1 Andreas Athanasiou       Brock McGinn             Alex Tuch                40     1   2  2  
 2 Dave Bolland             Kasperi Kapanen          Evgeny Svechnikov        30     1   2  2  
 3 Peter Holland            Nikita Soshnikov         Evgeny Svechnikov        20     1   2  2  
 4 Dave Bolland             Nikita Soshnikov         Chris Terry              10     1   2  2  

5 vs 5 Defense 
   Defense                  Defense                                           Time % Phy DF OF 
 1 Ivan Provorov            Niklas Kronwall                                   40     1   2  2  
 2 Joe Morrow               Toby Enstrom                                      30     1   2  2  
 3 Christian Ehrhoff        Jason Garrison                                    20     1   2  2  
 4 Jason Garrison           Mark Stuart                                       10     1   2  2  

PowerPlay Forward 
   Center                   Left Wing                Right Wing               Time % Phy DF OF 
 1 Andreas Athanasiou       Brock McGinn             Peter Holland            60     1   2  2  
 2 Dave Bolland             Chris Terry              Evgeny Svechnikov        40     1   2  2  

PowerPlay Defense
   Defense                  Defense                                           Time % Phy DF OF 
 1 Ivan Provorov            Niklas Kronwall                                   60     1   2  2  
 2 Kris Russell             Toby Enstrom                                      40     1   2  2  

Penalty Kill 4 Players Forward 
   Center                   Wing                     Time % Phy DF OF 
 1 Evgeny Svechnikov        Brock McGinn             60     1   2  2  
 2 Alex Tuch                Dave Bolland             40     1   2  2  

Penalty Kill 4 Players Defense
   Defense                  Defense                  Time % Phy DF OF 
 1 Ivan Provorov            Niklas Kronwall          60     1   2  2  
 2 Kris Russell             Toby Enstrom             40     1   2  2  

Penalty Kill - 3 Players Forward 
   Forward                                           Time % Phy DF OF 
 1 Evgeny Svechnikov                                 60     1   2  2  
 2 Brock McGinn                                      40     1   2  2  

Penalty Kill - 3 Players Defense
   Defense                  Defense                  Time % Phy DF OF 
 1 Ivan Provorov            Niklas Kronwall          60     1   2  2  
 2 Kris Russell             Toby Enstrom             40     1   2  2  

4 vs 4 Forward 
   Center                   Wing                     Time % Phy DF OF 
 1 Andreas Athanasiou       Brock McGinn             60     1   2  2  
 2 Peter Holland            Evgeny Svechnikov        40     1   2  2  

4 vs 4 Defense
   Defense                  Defense                  Time % Phy DF OF 
 1 Ivan Provorov            Niklas Kronwall          60     1   2  2  
 2 Kris Russell             Toby Enstrom             40     1   2  2  

Last Minutes Offensive
   Center                   Left Wing                Right Wing               Defense                  Defense                  
   Andreas Athanasiou       Brock McGinn             Alex Tuch                Ivan Provorov            Niklas Kronwall          

Last Minutes Defensive
   Center                   Left Wing                Right Wing               Defense                  Defense                  
   Andreas Athanasiou       Brock McGinn             Alex Tuch                Ivan Provorov            Niklas Kronwall          

Goaltenders
Starting : Calvin Pickard           
Backup : Anders Nilsson           

Extra Forwards
Normal : Peter Holland, Brock McGinn, Evgeny Svechnikov - PP : Peter Holland, Brock McGinn - PK : Brock McGinn
Extra Defensemen
Normal : Ivan Provorov, Brandon Montour, Joe Morrow - PP : Niklas Kronwall - PK : Brandon Montour, Joe Morrow
Penalty Shots
Evgeny Svechnikov, Brock McGinn, Andreas Athanasiou, Kasperi Kapanen, Peter Holland

COLORADO Avalanche

5 vs 5 Forward 
   Center                   Left Wing                Right Wing               Time % Phy DF OF 
 1 Jeff Skinner             David Pastrnak           Craig Smith              40     1   2  2  
 2 Darren Helm              David Perron             Patrick Maroon           30     1   2  2  
 3 Ryan Spooner             Carl Hagelin             Kris Versteeg            20     1   2  2  
 4 Zack Smith               Frank Vatrano            David Pastrnak           10     1   2  2  

5 vs 5 Defense 
   Defense                  Defense                                           Time % Phy DF OF 
 1 David Savard             Dan Girardi                                       40     1   2  2  
 2 Jonas Brodin             Jonathan Ericsson                                 30     1   2  2  
 3 Adam McQuaid             Kevin Bieksa                                      20     1   2  2  
 4 Justin Falk              David Savard                                      10     1   2  2  

PowerPlay Forward 
   Center                   Left Wing                Right Wing               Time % Phy DF OF 
 1 Jeff Skinner             David Pastrnak           Craig Smith              60     1   2  2  
 2 Darren Helm              David Perron             Patrick Maroon           40     1   2  2  

PowerPlay Defense
   Defense                  Defense                                           Time % Phy DF OF 
 1 David Savard             Dan Girardi                                       60     1   2  2  
 2 Jonas Brodin             Jonathan Ericsson                                 40     1   2  2  

Penalty Kill 4 Players Forward 
   Center                   Wing                     Time % Phy DF OF 
 1 David Pastrnak           David Perron             60     1   2  2  
 2 Jeff Skinner             Craig Smith              40     1   2  2  

Penalty Kill 4 Players Defense
   Defense                  Defense                  Time % Phy DF OF 
 1 David Savard             Dan Girardi              60     1   2  2  
 2 Jonas Brodin             Jonathan Ericsson        40     1   2  2  

Penalty Kill - 3 Players Forward 
   Forward                                           Time % Phy DF OF 
 1 David Pastrnak                                    60     1   2  2  
 2 David Perron                                      40     1   2  2  

Penalty Kill - 3 Players Defense
   Defense                  Defense                  Time % Phy DF OF 
 1 David Savard             Dan Girardi              60     1   2  2  
 2 Jonas Brodin             Jonathan Ericsson        40     1   2  2  

4 vs 4 Forward 
   Center                   Wing                     Time % Phy DF OF 
 1 David Pastrnak           David Perron             60     1   2  2  
 2 Jeff Skinner             Craig Smith              40     1   2  2  

4 vs 4 Defense
   Defense                  Defense                  Time % Phy DF OF 
 1 David Savard             Dan Girardi              60     1   2  2  
 2 Jonas Brodin             Jonathan Ericsson        40     1   2  2  

Last Minutes Offensive
   Center                   Left Wing                Right Wing               Defense                  Defense                  
   Jeff Skinner             David Pastrnak           Craig Smith              David Savard             Dan Girardi              

Last Minutes Defensive
   Center                   Left Wing                Right Wing               Defense                  Defense                  
   Jeff Skinner             David Pastrnak           Craig Smith              David Savard             Dan Girardi              

Goaltenders
Starting : Brian Elliott            
Backup : Anton Khudobin           

Extra Forwards
Normal : Carl Hagelin, Ryan Spooner, Zack Smith - PP : Carl Hagelin, Ryan Spooner - PK : Zack Smith
Extra Defensemen
Normal : Adam McQuaid, Kevin Bieksa, Justin Falk - PP : Adam McQuaid - PK : Kevin Bieksa, Justin Falk
Penalty Shots
David Pastrnak, David Perron, Jeff Skinner, Craig Smith, Patrick Maroon


% Time on Ice - CAROLINA Hurricanes

Lines # - Real PCT - Wanted PCT - Time Play
Normal Forward
1 - 45% - 40% - 22:29
2 - 17% - 30% - 8:37
3 - 19% - 20% - 9:15
4 - 19% - 10% - 9:20
Normal Defense
1 - 38% - 40% - 19:00
2 - 32% - 30% - 16:01
3 - 21% - 20% - 10:28
4 - 8% - 10% - 4:12
PP Forward
1 - 0% - 60% - 0:00
2 - 100% - 40% - 0:24
PP Defense
1 - 83% - 60% - 0:20
2 - 17% - 40% - 0:04
PK Forward
1 - 69% - 60% - 6:50
2 - 31% - 40% - 3:05
PK Defense
1 - 56% - 60% - 5:33
2 - 44% - 40% - 4:22
PK3 Forward
1 - 0% - 60%
2 - 0% - 40%
PK3 Defense
1 - 0% - 60%
2 - 0% - 40%
44 Forward
1 - 0% - 60%
2 - 0% - 40%
44 Defense
1 - 0% - 60%
2 - 0% - 40%
Last Minute Offensive  - 0:00
Last Minute Defensive  - 0:00
Total
Forward - 60:00
Defense - 60:00

% Time on Ice - COLORADO Avalanche

Lines # - Real PCT - Wanted PCT - Time Play
Normal Forward
1 - 36% - 40% - 17:48
2 - 35% - 30% - 17:10
3 - 24% - 20% - 12:07
4 - 5% - 10% - 2:36
Normal Defense
1 - 36% - 40% - 17:39
2 - 36% - 30% - 18:01
3 - 24% - 20% - 11:41
4 - 5% - 10% - 2:20
PP Forward
1 - 51% - 60% - 5:03
2 - 49% - 40% - 4:52
PP Defense
1 - 53% - 60% - 5:16
2 - 47% - 40% - 4:39
PK Forward
1 - 100% - 60% - 0:24
2 - 0% - 40% - 0:00
PK Defense
1 - 100% - 60% - 0:24
2 - 0% - 40% - 0:00
PK3 Forward
1 - 0% - 60%
2 - 0% - 40%
PK3 Defense
1 - 0% - 60%
2 - 0% - 40%
44 Forward
1 - 0% - 60%
2 - 0% - 40%
44 Defense
1 - 0% - 60%
2 - 0% - 40%
Last Minute Offensive  - 0:00
Last Minute Defensive  - 0:00
Total
Forward - 60:00
Defense - 60:00

Play-by-Play

1st period


0:01 of 1st period - Andreas Athanasiou wins face-off versus Jeff Skinner in neutral zone.
0:23 of 1st period - Icing by Dan Girardi.
0:24 of 1st period - Jeff Skinner wins face-off versus Kasperi Kapanen in COLORADO Avalanche zone.
0:31 of 1st period - Shot by Joe Morrow.
0:31 of 1st period - Shot Misses the Net.
0:38 of 1st period - Off-side.
0:39 of 1st period - Darren Helm wins face-off versus Peter Holland in neutral zone.
0:54 of 1st period - Shot by Jason Garrison.
0:54 of 1st period - Shot Blocked by Jonathan Ericsson.
1:40 of 1st period - Alex Tuch is hit by Kevin Bieksa and loses puck.
1:48 of 1st period - Alex Tuch is hit by Adam McQuaid and loses puck.
2:06 of 1st period - Shot by Ryan Spooner.
2:06 of 1st period - Stopped by Calvin Pickard without a rebound.
2:07 of 1st period - Zack Smith wins face-off versus Dave Bolland in CAROLINA Hurricanes zone.
2:24 of 1st period - Shot by Frank Vatrano.
2:24 of 1st period - Deflect By David Pastrnak.
2:24 of 1st period - Shot Misses the Net.
2:33 of 1st period - Icing by Chris Terry.
2:34 of 1st period - Ryan Spooner wins face-off versus Dave Bolland in CAROLINA Hurricanes zone.
2:53 of 1st period - Shot by Ryan Spooner.
2:53 of 1st period - Shot Misses the Net.
3:17 of 1st period - Shot by Andreas Athanasiou.
3:17 of 1st period - Stopped by Brian Elliott without a rebound.
3:18 of 1st period - Andreas Athanasiou wins face-off versus Jeff Skinner in COLORADO Avalanche zone.
4:05 of 1st period - Icing by Dan Girardi.
4:06 of 1st period - Craig Smith wins face-off versus Dave Bolland in COLORADO Avalanche zone.
4:06 of 1st period - Craig Smith is hit by Evgeny Svechnikov.
4:27 of 1st period - Icing by Jason Garrison.
4:28 of 1st period - Darren Helm wins face-off versus Dave Bolland in CAROLINA Hurricanes zone.
4:31 of 1st period - Shot by Darren Helm.
4:31 of 1st period - Stopped by Calvin Pickard without a rebound.
4:32 of 1st period - Peter Holland wins face-off versus Darren Helm in CAROLINA Hurricanes zone.
5:11 of 1st period - Shot by Darren Helm.
5:11 of 1st period - Stopped by Calvin Pickard without a rebound.
5:12 of 1st period - Andreas Athanasiou wins face-off versus Jeff Skinner in CAROLINA Hurricanes zone.
5:21 of 1st period - Shot by David Pastrnak.
5:21 of 1st period - Shot Blocked by Jason Garrison.
5:33 of 1st period - Shot by Craig Smith.
5:33 of 1st period - Shot Misses the Net.
6:18 of 1st period - Icing by Carl Hagelin.
6:19 of 1st period - Dave Bolland wins face-off versus Ryan Spooner in COLORADO Avalanche zone.
6:21 of 1st period - Minor Penalty to Dave Bolland for Holding.
6:22 of 1st period - Darren Helm wins face-off versus Evgeny Svechnikov in CAROLINA Hurricanes zone.
7:08 of 1st period - Icing by Darren Helm.
7:09 of 1st period - Andreas Athanasiou wins face-off versus Darren Helm in COLORADO Avalanche zone.
7:32 of 1st period - Shot by Dan Girardi.
7:32 of 1st period - Stopped by Calvin Pickard without a rebound.
7:33 of 1st period - Evgeny Svechnikov wins face-off versus Jeff Skinner in CAROLINA Hurricanes zone.
7:44 of 1st period - Shot by David Pastrnak.
7:44 of 1st period - Stopped by Calvin Pickard without a rebound.
7:45 of 1st period - Jeff Skinner wins face-off versus Evgeny Svechnikov in CAROLINA Hurricanes zone.
7:48 of 1st period - Shot by David Savard.
7:48 of 1st period - Stopped by Calvin Pickard without a rebound.
7:49 of 1st period - Craig Smith wins face-off versus Evgeny Svechnikov in CAROLINA Hurricanes zone.
7:49 of 1st period - Craig Smith is hit by Ivan Provorov.
7:51 of 1st period - Shot by Jeff Skinner.
7:51 of 1st period - Shot Misses the Net.
7:53 of 1st period - Shot by David Savard.
7:53 of 1st period - Shot Misses the Net.
7:55 of 1st period - Shot by Dan Girardi.
7:55 of 1st period - Stopped by Calvin Pickard without a rebound.
7:56 of 1st period - Jeff Skinner wins face-off versus Evgeny Svechnikov in CAROLINA Hurricanes zone.
8:05 of 1st period - Shot by Craig Smith.
8:05 of 1st period - Shot Misses the Net.
8:07 of 1st period - Shot by Jeff Skinner.
8:07 of 1st period - Stopped by Calvin Pickard without a rebound.
8:08 of 1st period - Patrick Maroon wins face-off versus Alex Tuch in CAROLINA Hurricanes zone.
8:53 of 1st period - Shot by Craig Smith.
8:53 of 1st period - Stopped by Calvin Pickard without a rebound.
8:54 of 1st period - Darren Helm wins face-off versus Andreas Athanasiou in CAROLINA Hurricanes zone.
8:59 of 1st period - Shot by Patrick Maroon.
8:59 of 1st period - Deflect By Darren Helm.
8:59 of 1st period - Shot Misses the Net.
9:02 of 1st period - Icing by Ivan Provorov.
9:03 of 1st period - Darren Helm wins face-off versus Andreas Athanasiou in CAROLINA Hurricanes zone.
9:46 of 1st period - Shot by Patrick Maroon.
9:46 of 1st period - Stopped by Calvin Pickard without a rebound.
9:47 of 1st period - Jeff Skinner wins face-off versus Dave Bolland in CAROLINA Hurricanes zone.
9:50 of 1st period - Shot by Jeff Skinner.
9:50 of 1st period - Goal by Jeff Skinner - CAROLINA Hurricanes : 0 - COLORADO Avalanche : 1.
9:51 of 1st period - Jeff Skinner wins face-off versus Dave Bolland in neutral zone.
10:14 of 1st period - Shot by David Pastrnak.
10:14 of 1st period - Shot Misses the Net.
10:16 of 1st period - Shot by David Pastrnak.
10:16 of 1st period - Deflect By Craig Smith.
10:16 of 1st period - Goal by Craig Smith - CAROLINA Hurricanes : 0 - COLORADO Avalanche : 2.
10:17 of 1st period - Andreas Athanasiou wins face-off versus Ryan Spooner in neutral zone.
10:49 of 1st period - Shot by Ryan Spooner.
10:49 of 1st period - Shot Blocked by Ivan Provorov.
11:08 of 1st period - Icing by Adam McQuaid.
11:09 of 1st period - Dave Bolland wins face-off versus Ryan Spooner in COLORADO Avalanche zone.
11:16 of 1st period - Minor Penalty to Dave Bolland for Hooking.
11:17 of 1st period - Evgeny Svechnikov wins face-off versus Jeff Skinner in CAROLINA Hurricanes zone.
11:40 of 1st period - Shot by David Pastrnak.
11:40 of 1st period - Stopped by Calvin Pickard with a rebound.
11:42 of 1st period - Shot by David Savard.
11:42 of 1st period - Shot Misses the Net.
11:50 of 1st period - Shot by David Savard.
11:50 of 1st period - Stopped by Calvin Pickard with a rebound.
11:52 of 1st period - Shot by Dan Girardi.
11:52 of 1st period - Shot Misses the Net.
11:54 of 1st period - Shot by Craig Smith.
11:54 of 1st period - Deflect By David Pastrnak.
11:54 of 1st period - Shot Blocked by Toby Enstrom.
11:56 of 1st period - Shot by Dan Girardi.
11:56 of 1st period - Stopped by Calvin Pickard without a rebound.
11:57 of 1st period - Darren Helm wins face-off versus Alex Tuch in CAROLINA Hurricanes zone.
12:19 of 1st period - Shot by Patrick Maroon.
12:19 of 1st period - Stopped by Calvin Pickard without a rebound.
12:20 of 1st period - Jeff Skinner wins face-off versus Alex Tuch in CAROLINA Hurricanes zone.
12:39 of 1st period - Shot by Dan Girardi.
12:39 of 1st period - Stopped by Calvin Pickard without a rebound.
12:40 of 1st period - Evgeny Svechnikov wins face-off versus Darren Helm in CAROLINA Hurricanes zone.
12:51 of 1st period - Shot by Jonas Brodin.
12:51 of 1st period - Shot Misses the Net.
12:53 of 1st period - Shot by Jonathan Ericsson.
12:53 of 1st period - Stopped by Calvin Pickard without a rebound.
12:54 of 1st period - Jeff Skinner wins face-off versus Alex Tuch in CAROLINA Hurricanes zone.
12:55 of 1st period - Shot by David Pastrnak.
12:55 of 1st period - Shot Misses the Net.
12:57 of 1st period - Shot by David Pastrnak.
12:57 of 1st period - Deflect By Craig Smith.
12:57 of 1st period - Stopped by Calvin Pickard with a rebound.
12:59 of 1st period - Shot by David Pastrnak.
12:59 of 1st period - Stopped by Calvin Pickard without a rebound.
13:00 of 1st period - Jeff Skinner wins face-off versus Evgeny Svechnikov in CAROLINA Hurricanes zone.
13:03 of 1st period - Shot by David Pastrnak.
13:03 of 1st period - Shot Misses the Net.
13:17 of 1st period - Shot by David Pastrnak.
13:17 of 1st period - Stopped by Calvin Pickard without a rebound.
13:18 of 1st period - Darren Helm wins face-off versus Dave Bolland in CAROLINA Hurricanes zone.
13:35 of 1st period - Dave Bolland is hit by Darren Helm and loses puck.
14:25 of 1st period - Shot by Brock McGinn.
14:25 of 1st period - Stopped by Brian Elliott with a rebound.
14:27 of 1st period - Shot by Ivan Provorov.
14:27 of 1st period - Stopped by Brian Elliott without a rebound.
14:28 of 1st period - Ryan Spooner wins face-off versus Peter Holland in COLORADO Avalanche zone.
14:40 of 1st period - Icing by Jason Garrison.
14:41 of 1st period - Jeff Skinner wins face-off versus Peter Holland in CAROLINA Hurricanes zone.
14:44 of 1st period - Shot by Craig Smith.
14:44 of 1st period - Stopped by Calvin Pickard without a rebound.
14:45 of 1st period - Andreas Athanasiou wins face-off versus Jeff Skinner in CAROLINA Hurricanes zone.
14:49 of 1st period - Icing by Alex Tuch.
14:50 of 1st period - Alex Tuch wins face-off versus Jeff Skinner in CAROLINA Hurricanes zone.
14:54 of 1st period - Minor Penalty to Brock McGinn for Slashing.
14:55 of 1st period - David Pastrnak wins face-off versus Evgeny Svechnikov in CAROLINA Hurricanes zone.
15:02 of 1st period - Shot by Craig Smith.
15:02 of 1st period - Stopped by Calvin Pickard without a rebound.
15:03 of 1st period - Evgeny Svechnikov wins face-off versus Jeff Skinner in CAROLINA Hurricanes zone.
15:26 of 1st period - Shot by David Savard.
15:26 of 1st period - Stopped by Calvin Pickard with a rebound.
15:28 of 1st period - Shot by Jeff Skinner.
15:28 of 1st period - Shot Misses the Net.
15:30 of 1st period - Shot by Dan Girardi.
15:30 of 1st period - Shot Blocked by Toby Enstrom.
15:32 of 1st period - Shot by Dan Girardi.
15:32 of 1st period - Shot Blocked by Evgeny Svechnikov.
15:43 of 1st period - Off-side.
15:44 of 1st period - Evgeny Svechnikov wins face-off versus Darren Helm in neutral zone.
16:37 of 1st period - Icing by Jonas Brodin.
16:38 of 1st period - Alex Tuch wins face-off versus Darren Helm in COLORADO Avalanche zone.
17:01 of 1st period - Shot by Carl Hagelin.
17:01 of 1st period - Stopped by Calvin Pickard with a rebound.
17:04 of 1st period - Carl Hagelin is hit by Jason Garrison and loses puck.
17:27 of 1st period - Icing by Dave Bolland.
17:28 of 1st period - Jeff Skinner wins face-off versus Dave Bolland in CAROLINA Hurricanes zone.
17:36 of 1st period - David Pastrnak is hit by Jason Garrison and loses puck.
17:39 of 1st period - Shot by Dan Girardi.
17:39 of 1st period - Deflect By Jeff Skinner.
17:39 of 1st period - Stopped by Calvin Pickard without a rebound.
17:40 of 1st period - Zack Smith wins face-off versus Andreas Athanasiou in CAROLINA Hurricanes zone.
17:45 of 1st period - Shot by David Pastrnak.
17:45 of 1st period - Deflect By Zack Smith.
17:45 of 1st period - Shot Misses the Net.
17:47 of 1st period - Shot by Frank Vatrano.
17:47 of 1st period - Shot Blocked by Niklas Kronwall.
17:49 of 1st period - Shot by David Savard.
17:49 of 1st period - Stopped by Calvin Pickard without a rebound.
17:50 of 1st period - Darren Helm wins face-off versus Andreas Athanasiou in CAROLINA Hurricanes zone.
18:44 of 1st period - Off-side.
18:45 of 1st period - Peter Holland wins face-off versus Jeff Skinner in neutral zone.
18:58 of 1st period - Shot by Dan Girardi.
18:58 of 1st period - Shot Blocked by Joe Morrow.
19:00 of 1st period - Shot by David Savard.
19:00 of 1st period - Goal by David Savard - CAROLINA Hurricanes : 0 - COLORADO Avalanche : 3.
19:01 of 1st period - Dave Bolland wins face-off versus Ryan Spooner in neutral zone.
19:33 of 1st period - Shot by Carl Hagelin.
19:33 of 1st period - Shot Blocked by Christian Ehrhoff.
19:35 of 1st period - Shot by Adam McQuaid.
19:35 of 1st period - Shot Hit the Post.
Goals for this period are 0 for CAROLINA Hurricanes vs 3 for COLORADO Avalanche.
Shots for this period are 3 for CAROLINA Hurricanes vs 28 for COLORADO Avalanche.

2nd period


0:01 of 2nd period - Dave Bolland wins face-off versus Jeff Skinner in neutral zone.
0:03 of 2nd period - Ivan Provorov is hit by David Savard.
0:05 of 2nd period - Shot by Kasperi Kapanen.
0:05 of 2nd period - Stopped by Brian Elliott with a rebound.
1:00 of 2nd period - Icing by Joe Morrow.
1:01 of 2nd period - Darren Helm wins face-off versus Andreas Athanasiou in CAROLINA Hurricanes zone.
1:03 of 2nd period - Patrick Maroon is hit by Joe Morrow and loses puck.
1:26 of 2nd period - Shot by Patrick Maroon.
1:26 of 2nd period - Stopped by Calvin Pickard without a rebound.
1:27 of 2nd period - Peter Holland wins face-off versus Ryan Spooner in CAROLINA Hurricanes zone.
1:50 of 2nd period - Shot by Peter Holland.
1:50 of 2nd period - Shot Hit the Post.
1:59 of 2nd period - Icing by Nikita Soshnikov.
2:00 of 2nd period - Jeff Skinner wins face-off versus Nikita Soshnikov in CAROLINA Hurricanes zone.
2:05 of 2nd period - Shot by David Pastrnak.
2:05 of 2nd period - Shot Misses the Net.
2:08 of 2nd period - Icing by Mark Stuart.
2:09 of 2nd period - Jeff Skinner wins face-off versus Nikita Soshnikov in CAROLINA Hurricanes zone.
2:26 of 2nd period - Shot by Alex Tuch.
2:26 of 2nd period - Stopped by Brian Elliott without a rebound.
2:27 of 2nd period - Andreas Athanasiou wins face-off versus Darren Helm in COLORADO Avalanche zone.
2:28 of 2nd period - Shot by Niklas Kronwall.
2:28 of 2nd period - Shot Blocked by Jonas Brodin.
2:50 of 2nd period - Shot by David Perron.
2:50 of 2nd period - Stopped by Calvin Pickard without a rebound.
2:51 of 2nd period - Jeff Skinner wins face-off versus Dave Bolland in CAROLINA Hurricanes zone.
3:04 of 2nd period - Shot by Toby Enstrom.
3:04 of 2nd period - Stopped by Brian Elliott without a rebound.
3:05 of 2nd period - Andreas Athanasiou wins face-off versus Darren Helm in COLORADO Avalanche zone.
3:07 of 2nd period - Alex Tuch is hit by Jonas Brodin and loses puck.
3:26 of 2nd period - Shot by Patrick Maroon.
3:26 of 2nd period - Shot Misses the Net.
3:33 of 2nd period - Icing by Ivan Provorov.
3:34 of 2nd period - Andreas Athanasiou wins face-off versus Jeff Skinner in CAROLINA Hurricanes zone.
3:39 of 2nd period - Ivan Provorov is hit by David Pastrnak and loses puck.
3:46 of 2nd period - Shot by David Pastrnak.
3:46 of 2nd period - Shot Misses the Net.
4:55 of 2nd period - Shot by David Perron.
4:55 of 2nd period - Shot Misses the Net.
4:57 of 2nd period - Shot by Darren Helm.
4:57 of 2nd period - Stopped by Calvin Pickard without a rebound.
4:58 of 2nd period - Ryan Spooner wins face-off versus Andreas Athanasiou in CAROLINA Hurricanes zone.
5:20 of 2nd period - Off-side.
5:21 of 2nd period - Zack Smith wins face-off versus Peter Holland in neutral zone.
5:26 of 2nd period - Icing by Peter Holland.
5:27 of 2nd period - Jeff Skinner wins face-off versus Peter Holland in CAROLINA Hurricanes zone.
5:27 of 2nd period - Jeff Skinner is hit by Niklas Kronwall.
6:10 of 2nd period - Shot by David Pastrnak.
6:10 of 2nd period - Shot Blocked by Ivan Provorov.
6:23 of 2nd period - Ivan Provorov is hit by Jonathan Ericsson and loses puck.
6:38 of 2nd period - Shot by David Perron.
6:38 of 2nd period - Stopped by Calvin Pickard without a rebound.
6:39 of 2nd period - Alex Tuch wins face-off versus Ryan Spooner in CAROLINA Hurricanes zone.
6:55 of 2nd period - Icing by Alex Tuch.
6:56 of 2nd period - Darren Helm wins face-off versus Alex Tuch in CAROLINA Hurricanes zone.
7:09 of 2nd period - Shot by Andreas Athanasiou.
7:09 of 2nd period - Shot Misses the Net.
7:25 of 2nd period - Toby Enstrom is hit by David Perron and loses puck.
8:06 of 2nd period - Shot by Chris Terry.
8:06 of 2nd period - Deflect By Dave Bolland.
8:06 of 2nd period - Shot Misses the Net.
8:59 of 2nd period - Icing by Carl Hagelin.
9:00 of 2nd period - Peter Holland wins face-off versus Ryan Spooner in COLORADO Avalanche zone.
9:01 of 2nd period - Shot by Toby Enstrom.
9:01 of 2nd period - Stopped by Brian Elliott without a rebound.
9:02 of 2nd period - Peter Holland wins face-off versus Ryan Spooner in COLORADO Avalanche zone.
9:47 of 2nd period - Carl Hagelin is hit by Brock McGinn and loses puck.
10:41 of 2nd period - Minor Penalty to Toby Enstrom for Interference.
10:42 of 2nd period - David Perron wins face-off versus Evgeny Svechnikov in CAROLINA Hurricanes zone.
10:57 of 2nd period - Shot by Jonathan Ericsson.
10:57 of 2nd period - Shot Blocked by Ivan Provorov.
12:15 of 2nd period - Shot by Craig Smith.
12:15 of 2nd period - Stopped by Calvin Pickard without a rebound.
12:16 of 2nd period - Darren Helm wins face-off versus Evgeny Svechnikov in CAROLINA Hurricanes zone.
12:29 of 2nd period - Shot by Darren Helm.
12:29 of 2nd period - Shot Misses the Net.
12:37 of 2nd period - Shot by Jonas Brodin.
12:37 of 2nd period - Stopped by Calvin Pickard without a rebound.
12:38 of 2nd period - Dave Bolland wins face-off versus Jeff Skinner in CAROLINA Hurricanes zone.
12:49 of 2nd period - Shot by Nikita Soshnikov.
12:49 of 2nd period - Shot Misses the Net.
13:02 of 2nd period - Nikita Soshnikov is hit by Kevin Bieksa and loses puck.
13:21 of 2nd period - Icing by Chris Terry.
13:22 of 2nd period - Dave Bolland wins face-off versus Jeff Skinner in CAROLINA Hurricanes zone.
13:49 of 2nd period - Shot by Alex Tuch.
13:49 of 2nd period - Deflect By Brock McGinn.
13:49 of 2nd period - Shot Misses the Net.
14:01 of 2nd period - Shot by Dan Girardi.
14:01 of 2nd period - Shot Misses the Net.
14:10 of 2nd period - Icing by Alex Tuch.
14:11 of 2nd period - Darren Helm wins face-off versus Andreas Athanasiou in CAROLINA Hurricanes zone.
14:33 of 2nd period - Patrick Maroon is hit by Niklas Kronwall and loses puck.
14:38 of 2nd period - Shot by Darren Helm.
14:38 of 2nd period - Shot Misses the Net.
14:40 of 2nd period - Shot by Jonas Brodin.
14:40 of 2nd period - Shot Misses the Net.
14:41 of 2nd period - Minor Penalty to Ivan Provorov for Hooking.
14:42 of 2nd period - Jeff Skinner wins face-off versus Evgeny Svechnikov in CAROLINA Hurricanes zone.
14:53 of 2nd period - Shot by Jeff Skinner.
14:53 of 2nd period - Stopped by Calvin Pickard without a rebound.
14:54 of 2nd period - Darren Helm wins face-off versus Evgeny Svechnikov in CAROLINA Hurricanes zone.
14:55 of 2nd period - Shot by Patrick Maroon.
14:55 of 2nd period - Shot Blocked by Niklas Kronwall.
15:05 of 2nd period - Shot by David Perron.
15:05 of 2nd period - Stopped by Calvin Pickard without a rebound.
15:06 of 2nd period - Alex Tuch wins face-off versus Jeff Skinner in CAROLINA Hurricanes zone.
15:31 of 2nd period - Shot by Jeff Skinner.
15:31 of 2nd period - Shot Blocked by Kris Russell.
15:33 of 2nd period - Shot by Dan Girardi.
15:33 of 2nd period - Shot Blocked by Kris Russell.
15:35 of 2nd period - Shot by David Pastrnak.
15:35 of 2nd period - Stopped by Calvin Pickard without a rebound.
15:36 of 2nd period - Patrick Maroon wins face-off versus Alex Tuch in CAROLINA Hurricanes zone.
16:07 of 2nd period - Shot by Jonathan Ericsson.
16:07 of 2nd period - Shot Misses the Net.
16:09 of 2nd period - Shot by Jonathan Ericsson.
16:09 of 2nd period - Stopped by Calvin Pickard without a rebound.
16:10 of 2nd period - Jeff Skinner wins face-off versus Evgeny Svechnikov in CAROLINA Hurricanes zone.
16:11 of 2nd period - Shot by Dan Girardi.
16:11 of 2nd period - Stopped by Calvin Pickard with a rebound.
16:24 of 2nd period - Off-side.
16:25 of 2nd period - Jeff Skinner wins face-off versus Evgeny Svechnikov in neutral zone.
16:45 of 2nd period - Icing by Christian Ehrhoff.
16:46 of 2nd period - Darren Helm wins face-off versus Peter Holland in CAROLINA Hurricanes zone.
16:46 of 2nd period - David Perron is hit by Christian Ehrhoff and loses puck.
17:05 of 2nd period - Icing by Jonathan Ericsson.
17:06 of 2nd period - Darren Helm wins face-off versus Andreas Athanasiou in COLORADO Avalanche zone.
17:35 of 2nd period - Niklas Kronwall is hit by David Perron and loses puck.
17:40 of 2nd period - Shot by Ivan Provorov.
17:40 of 2nd period - Stopped by Brian Elliott without a rebound.
17:41 of 2nd period - Dave Bolland wins face-off versus Jeff Skinner in COLORADO Avalanche zone.
18:06 of 2nd period - Shot by Jeff Skinner.
18:06 of 2nd period - Stopped by Calvin Pickard without a rebound.
18:07 of 2nd period - Carl Hagelin wins face-off versus Peter Holland in CAROLINA Hurricanes zone.
18:24 of 2nd period - Shot by Kris Versteeg.
18:24 of 2nd period - Shot Misses the Net.
18:40 of 2nd period - Shot by Kris Versteeg.
18:40 of 2nd period - Shot Blocked by Jason Garrison.
18:42 of 2nd period - Shot by Kevin Bieksa.
18:42 of 2nd period - Stopped by Calvin Pickard without a rebound.
18:43 of 2nd period - Jeff Skinner wins face-off versus Andreas Athanasiou in CAROLINA Hurricanes zone.
19:20 of 2nd period - Shot by Alex Tuch.
19:20 of 2nd period - Stopped by Brian Elliott without a rebound.
19:21 of 2nd period - Darren Helm wins face-off versus Dave Bolland in COLORADO Avalanche zone.
Goals for this period are 0 for CAROLINA Hurricanes vs 0 for COLORADO Avalanche.
Shots for this period are 6 for CAROLINA Hurricanes vs 13 for COLORADO Avalanche.

3rd period


0:01 of 3rd period - Dave Bolland wins face-off versus Jeff Skinner in neutral zone.
0:08 of 3rd period - Icing by David Pastrnak.
0:09 of 3rd period - Jeff Skinner wins face-off versus Andreas Athanasiou in COLORADO Avalanche zone.
0:09 of 3rd period - Jeff Skinner is hit by Brock McGinn.
0:17 of 3rd period - Niklas Kronwall is hit by Craig Smith and loses puck.
0:23 of 3rd period - Ivan Provorov is hit by David Savard.
0:31 of 3rd period - Icing by David Savard.
0:32 of 3rd period - Craig Smith wins face-off versus Dave Bolland in COLORADO Avalanche zone.
0:32 of 3rd period - Craig Smith is hit by Evgeny Svechnikov.
0:38 of 3rd period - Toby Enstrom is hit by David Pastrnak and loses puck.
1:29 of 3rd period - Shot by Darren Helm.
1:29 of 3rd period - Shot Blocked by Alex Tuch.
1:31 of 3rd period - Shot by Jonas Brodin.
1:31 of 3rd period - Shot Blocked by Niklas Kronwall.
1:33 of 3rd period - Shot by Patrick Maroon.
1:33 of 3rd period - Stopped by Calvin Pickard with a rebound.
1:35 of 3rd period - Shot by Jonathan Ericsson.
1:35 of 3rd period - Deflect By Patrick Maroon.
1:35 of 3rd period - Stopped by Calvin Pickard without a rebound.
1:36 of 3rd period - Andreas Athanasiou wins face-off versus Ryan Spooner in CAROLINA Hurricanes zone.
1:36 of 3rd period - Andreas Athanasiou is hit by Carl Hagelin.
1:58 of 3rd period - Shot by Brock McGinn.
1:58 of 3rd period - Stopped by Brian Elliott without a rebound.
1:59 of 3rd period - David Perron wins face-off versus Peter Holland in COLORADO Avalanche zone.
3:05 of 3rd period - Shot by Alex Tuch.
3:05 of 3rd period - Stopped by Brian Elliott without a rebound.
3:06 of 3rd period - Jeff Skinner wins face-off versus Andreas Athanasiou in COLORADO Avalanche zone.
3:06 of 3rd period - Jeff Skinner is hit by Alex Tuch.
3:24 of 3rd period - Shot by Jason Garrison.
3:24 of 3rd period - Shot Blocked by David Savard.
3:26 of 3rd period - Shot by Alex Tuch.
3:26 of 3rd period - Goal by Alex Tuch - CAROLINA Hurricanes : 1 - COLORADO Avalanche : 3.
3:27 of 3rd period - Dave Bolland wins face-off versus Ryan Spooner in neutral zone.
4:44 of 3rd period - Shot by Andreas Athanasiou.
4:44 of 3rd period - Shot Hit the Post.
4:46 of 3rd period - Shot by Ivan Provorov.
4:46 of 3rd period - Stopped by Brian Elliott without a rebound.
4:47 of 3rd period - Dave Bolland wins face-off versus Darren Helm in COLORADO Avalanche zone.
5:23 of 3rd period - Shot by David Perron.
5:23 of 3rd period - Deflect By Patrick Maroon.
5:23 of 3rd period - Stopped by Calvin Pickard without a rebound.
5:24 of 3rd period - Jeff Skinner wins face-off versus Andreas Athanasiou in CAROLINA Hurricanes zone.
5:24 of 3rd period - David Pastrnak is hit by Toby Enstrom and loses puck.
5:49 of 3rd period - Shot by Craig Smith.
5:49 of 3rd period - Stopped by Calvin Pickard without a rebound.
5:50 of 3rd period - Evgeny Svechnikov wins face-off versus Ryan Spooner in CAROLINA Hurricanes zone.
7:05 of 3rd period - Shot by David Pastrnak.
7:05 of 3rd period - Goal by David Pastrnak - CAROLINA Hurricanes : 1 - COLORADO Avalanche : 4.
7:06 of 3rd period - Dave Bolland wins face-off versus Jeff Skinner in neutral zone.
7:30 of 3rd period - Off-side.
7:31 of 3rd period - Andreas Athanasiou wins face-off versus Darren Helm in neutral zone.
7:56 of 3rd period - Shot by Alex Tuch.
7:56 of 3rd period - Shot Misses the Net.
8:04 of 3rd period - Shot by Alex Tuch.
8:04 of 3rd period - Stopped by Brian Elliott without a rebound.
8:05 of 3rd period - Dave Bolland wins face-off versus Jeff Skinner in COLORADO Avalanche zone.
8:11 of 3rd period - Minor Penalty to Dan Girardi for Holding.
8:12 of 3rd period - Dave Bolland wins face-off versus David Pastrnak in COLORADO Avalanche zone.
8:13 of 3rd period - Shot by Toby Enstrom.
8:13 of 3rd period - Shot Misses the Net.
8:15 of 3rd period - Shot by Kris Russell.
8:15 of 3rd period - Stopped by Brian Elliott without a rebound.
8:16 of 3rd period - David Pastrnak wins face-off versus Dave Bolland in COLORADO Avalanche zone.
8:33 of 3rd period - Shot by Ivan Provorov.
8:33 of 3rd period - Shot Blocked by Kevin Bieksa.
8:35 of 3rd period - Shot by Ivan Provorov.
8:35 of 3rd period - Goal by Ivan Provorov - CAROLINA Hurricanes : 2 - COLORADO Avalanche : 4.
8:36 of 3rd period - Andreas Athanasiou wins face-off versus Ryan Spooner in neutral zone.
9:09 of 3rd period - Shot by Ryan Spooner.
9:09 of 3rd period - Stopped by Calvin Pickard with a rebound.
9:11 of 3rd period - Shot by Jonathan Ericsson.
9:11 of 3rd period - Shot Blocked by Christian Ehrhoff.
9:13 of 3rd period - Shot by Ryan Spooner.
9:13 of 3rd period - Shot Misses the Net.
9:15 of 3rd period - Shot by Jonathan Ericsson.
9:15 of 3rd period - Shot Misses the Net.
9:57 of 3rd period - Shot by Jeff Skinner.
9:57 of 3rd period - Shot Misses the Net.
9:59 of 3rd period - Shot by Jeff Skinner.
9:59 of 3rd period - Stopped by Calvin Pickard without a rebound.
10:00 of 3rd period - Darren Helm wins face-off versus Peter Holland in CAROLINA Hurricanes zone.
10:00 of 3rd period - David Perron is hit by Joe Morrow and loses puck.
10:21 of 3rd period - Shot by Darren Helm.
10:21 of 3rd period - Stopped by Calvin Pickard without a rebound.
10:22 of 3rd period - Zack Smith wins face-off versus Dave Bolland in CAROLINA Hurricanes zone.
10:59 of 3rd period - Shot by David Pastrnak.
10:59 of 3rd period - Shot Misses the Net.
11:13 of 3rd period - Shot by Patrick Maroon.
11:13 of 3rd period - Shot Misses the Net.
11:15 of 3rd period - Shot by Jonathan Ericsson.
11:15 of 3rd period - Stopped by Calvin Pickard without a rebound.
11:16 of 3rd period - Darren Helm wins face-off versus Brock McGinn in CAROLINA Hurricanes zone.
11:51 of 3rd period - Shot by Patrick Maroon.
11:51 of 3rd period - Goal by Patrick Maroon - CAROLINA Hurricanes : 2 - COLORADO Avalanche : 5.
11:52 of 3rd period - Peter Holland wins face-off versus Ryan Spooner in neutral zone.
12:05 of 3rd period - Icing by Jason Garrison.
12:06 of 3rd period - Jeff Skinner wins face-off versus Peter Holland in CAROLINA Hurricanes zone.
12:39 of 3rd period - Shot by Jeff Skinner.
12:39 of 3rd period - Stopped by Calvin Pickard without a rebound.
12:40 of 3rd period - Andreas Athanasiou wins face-off versus Darren Helm in CAROLINA Hurricanes zone.
13:20 of 3rd period - Shot by Jonathan Ericsson.
13:20 of 3rd period - Shot Blocked by Niklas Kronwall.
13:34 of 3rd period - Shot by David Pastrnak.
13:34 of 3rd period - Stopped by Calvin Pickard without a rebound.
13:35 of 3rd period - Jeff Skinner wins face-off versus Dave Bolland in CAROLINA Hurricanes zone.
13:36 of 3rd period - Shot by David Pastrnak.
13:36 of 3rd period - Stopped by Calvin Pickard without a rebound.
13:37 of 3rd period - Dave Bolland wins face-off versus Jeff Skinner in CAROLINA Hurricanes zone.
14:00 of 3rd period - Shot by David Savard.
14:00 of 3rd period - Stopped by Calvin Pickard without a rebound.
14:01 of 3rd period - Ryan Spooner wins face-off versus Peter Holland in CAROLINA Hurricanes zone.
14:16 of 3rd period - Off-side.
14:17 of 3rd period - Jeff Skinner wins face-off versus Andreas Athanasiou in neutral zone.
14:17 of 3rd period - Jeff Skinner is hit by Alex Tuch.
14:33 of 3rd period - Icing by Dan Girardi.
14:34 of 3rd period - Dave Bolland wins face-off versus Craig Smith in COLORADO Avalanche zone.
15:19 of 3rd period - Icing by Toby Enstrom.
15:20 of 3rd period - Darren Helm wins face-off versus Dave Bolland in CAROLINA Hurricanes zone.
15:55 of 3rd period - Shot by Darren Helm.
15:55 of 3rd period - Shot Misses the Net.
15:57 of 3rd period - Shot by Darren Helm.
15:57 of 3rd period - Shot Hit the Post.
16:17 of 3rd period - Shot by Ryan Spooner.
16:17 of 3rd period - Stopped by Calvin Pickard without a rebound.
16:18 of 3rd period - Andreas Athanasiou wins face-off versus Zack Smith in CAROLINA Hurricanes zone.
16:31 of 3rd period - Justin Falk is hit by Brock McGinn and loses puck.
16:37 of 3rd period - Icing by David Savard.
16:38 of 3rd period - Andreas Athanasiou wins face-off versus Zack Smith in COLORADO Avalanche zone.
16:51 of 3rd period - Icing by Brock McGinn.
16:52 of 3rd period - Andreas Athanasiou wins face-off versus Darren Helm in CAROLINA Hurricanes zone.
16:52 of 3rd period - Andreas Athanasiou is hit by Patrick Maroon.
16:59 of 3rd period - Andreas Athanasiou is hit by Jonas Brodin and loses puck.
17:12 of 3rd period - Shot by Darren Helm.
17:12 of 3rd period - Shot Misses the Net.
17:14 of 3rd period - Shot by Jonathan Ericsson.
17:14 of 3rd period - Shot Blocked by Christian Ehrhoff.
17:16 of 3rd period - Shot by Jonas Brodin.
17:16 of 3rd period - Shot Misses the Net.
17:18 of 3rd period - Shot by Jonathan Ericsson.
17:18 of 3rd period - Stopped by Calvin Pickard with a rebound.
17:20 of 3rd period - Shot by Darren Helm.
17:20 of 3rd period - Deflect By Patrick Maroon.
17:20 of 3rd period - Stopped by Calvin Pickard without a rebound.
17:21 of 3rd period - Jeff Skinner wins face-off versus Peter Holland in CAROLINA Hurricanes zone.
17:28 of 3rd period - Shot by Craig Smith.
17:28 of 3rd period - Deflect By David Pastrnak.
17:28 of 3rd period - Goal by David Pastrnak - CAROLINA Hurricanes : 2 - COLORADO Avalanche : 6.
17:29 of 3rd period - Peter Holland wins face-off versus Jeff Skinner in neutral zone.
17:52 of 3rd period - Icing by Dan Girardi.
17:53 of 3rd period - Jeff Skinner wins face-off versus Andreas Athanasiou in COLORADO Avalanche zone.
18:00 of 3rd period - Shot by Brock McGinn.
18:00 of 3rd period - Stopped by Brian Elliott without a rebound.
18:01 of 3rd period - Andreas Athanasiou wins face-off versus Darren Helm in COLORADO Avalanche zone.
18:21 of 3rd period - Shot by Alex Tuch.
18:21 of 3rd period - Stopped by Brian Elliott with a rebound.
18:23 of 3rd period - Shot by Alex Tuch.
18:23 of 3rd period - Shot Misses the Net.
18:25 of 3rd period - Shot by Andreas Athanasiou.
18:25 of 3rd period - Stopped by Brian Elliott without a rebound.
18:26 of 3rd period - Jeff Skinner wins face-off versus Dave Bolland in COLORADO Avalanche zone.
18:38 of 3rd period - Shot by Jeff Skinner.
18:38 of 3rd period - Shot Misses the Net.
19:02 of 3rd period - Shot by Jeff Skinner.
19:02 of 3rd period - Goal by Jeff Skinner - CAROLINA Hurricanes : 2 - COLORADO Avalanche : 7.
19:03 of 3rd period - Darren Helm wins face-off versus Andreas Athanasiou in neutral zone.
19:06 of 3rd period - Brock McGinn is hit by Patrick Maroon and loses puck.
19:10 of 3rd period - Icing by Jason Garrison.
19:11 of 3rd period - Andreas Athanasiou wins face-off versus Darren Helm in CAROLINA Hurricanes zone.
Goals for this period are 2 for CAROLINA Hurricanes vs 4 for COLORADO Avalanche.
Shots for this period are 10 for CAROLINA Hurricanes vs 19 for COLORADO Avalanche.